 Dungeon Crawl Stone Soup version 0.31.0-9-g3a7656b989 (webtiles) character file.

Game seed: 18368716557222956024

1155 Heoruswealwe the Skirmisher (level 8, 0/64 HPs)
             Began as a Gnoll Hunter on Feb 1, 2024.
             Was an Initiate of Okawaru.
             Succumbed to a water moccasin's poison
             ... on level 6 of the Dungeon on Feb 2, 2024.
             The game lasted 00:52:32 (6992 turns).

Heoruswealwe the Skirmisher (Gnoll Hunter)          Turns: 6992, Time: 00:52:33

Health: 0/64       AC:  4    Str: 10    XL:     8   Next: 39%
Magic:  13/13      EV: 15    Int:  8    God:    Okawaru [......]
Gold:   64         SH:  0    Dex: 19    Spells: 13/13 levels left

rFire   . . .        a - +0 shortbow
rCold   . . .        (shield currently unavailable)
rNeg    . . .        c - +0 leather armour
rPois   +            g - +0 helmet
rElec   .            (no cloak)
rCorr   +            (no gloves)
SInv    .            (no boots)
Will    .....        (no amulet)
Stlth   +++          k - ring of resist corrosion
HPRegen 0.30/turn    y - ring of poison resistance
MPRegen 0.13/turn

%: no passive effects
@: lethally poisoned (0 -> -3)
A: fangs 1, strong nose, distributed training
a: Renounce Religion


You were on level 6 of the Dungeon.
You worshipped Okawaru.
Okawaru was noncommittal.
You visited 2 branches of the dungeon, and saw 7 of its levels.
You also visited: Ossuary.

You collected 286 gold pieces.
You spent 222 gold pieces at shops.

Inventory:

Hand Weapons
 a - a +0 shortbow (weapon)
Armour
 c - a +0 leather armour (worn)
 g - a +0 helmet (worn)
Jewellery
 f - a ring of wizardry
 k - a ring of resist corrosion (left hand)
 y - a ring of poison resistance (right hand)
Wands
 A - a wand of polymorph (3)
 B - a wand of digging (7)
Scrolls
 e - 6 scrolls of teleportation
 m - a scroll of silence
 n - 4 scrolls of revelation
 o - 2 scrolls of blinking
 q - a scroll of fear
 s - 2 scrolls of enchant weapon
 t - 4 scrolls of enchant armour
 x - a scroll of poison
Potions
 b - a potion of haste {unknown}
 d - a potion of magic {unknown}
 h - 2 potions of heal wounds {unknown}
 i - 2 potions of might {unknown}
 j - a potion of cancellation {unknown}
 l - 2 potions of lignification {unknown}
 p - 2 potions of attraction {unknown}
 r - 3 potions of curing {unknown}
 u - 3 potions of enlightenment {unknown}
 v - a potion of resistance {unknown}
 z - a potion of mutation {unknown}


   Skills:
 + Level 5.7 Fighting
 + Level 3.3 Short Blades
 + Level 3.3 Long Blades
 + Level 3.3 Axes
 + Level 3.3 Maces & Flails
 + Level 3.3 Polearms
 + Level 3.3 Staves
 + Level 9.2 Ranged Weapons
 + Level 3.3 Throwing
 + Level 3.3 Armour
 + Level 5.7 Dodging
 + Level 4.1 Stealth
 + Level 3.3 Shields
 + Level 3.3 Unarmed Combat
 + Level 3.3 Spellcasting
 + Level 2.7 Conjurations
 + Level 2.7 Hexes
 + Level 2.7 Summonings
 + Level 2.7 Necromancy
 + Level 2.7 Translocations
 + Level 2.7 Fire Magic
 + Level 2.7 Ice Magic
 + Level 2.7 Air Magic
 + Level 2.7 Earth Magic
 + Level 2.7 Alchemy
 + Level 3.7 Invocations
 + Level 3.3 Evocations
 + Level 3.0 Shapeshifting


You had 13 spell levels left.
You didn't know any spells.
Your spell library contained the following spells:

 Spells                   Type           Power      Damage    Failure   Level
 Kiss of Death            Conj/Necr      20%        2d7       13%         1
 Shock                    Conj/Air       20%        1d4       13%         1
 Blink                    Tloc           10%        N/A       21%         2
 Lesser Beckoning         Tloc           10%        N/A       21%         2
 Momentum Strike          Conj/Tloc      10%        3d8       21%         2
 Scorch                   Fire           10%        2d5       21%         2
 Flame Wave               Conj/Fire      5%         2d5       78%         4
 Chain Lightning          Conj/Air       2%         3d3       100%        9
 Summon Cactus Giant      Summ           Unusable   N/A       N/A         6

Dungeon Overview and Level Annotations

Branches:
Dungeon (6/15)             Temple (1/1) D:4         Ossuary (visited)

Altars:
Ashenzari
Cheibriados
Dithmenos
Elyvilon
Gozag
Hepliaklqana
Kikubaaqudgha
Makhleb
Nemelex Xobeh
Okawaru
Ru
Sif Muna
Trog
Uskayaw
Vehumet
Wu Jian
Xom
Yredelemnul
Zin
The Shining One

Shops:
D:1 *   D:2 *


Innate Abilities, Weirdness & Mutations

You have very sharp teeth.
Your uncanny sense of smell can sniff out nearby items.
Your experience applies equally to all skills.


Message History

You are too injured to fight recklessly!
You shoot an arrow.
The arrow closely misses the water moccasin.
You feel sick. The water moccasin barely misses you.
You shoot an arrow. The arrow hits the water moccasin.
The water moccasin is severely wounded.
You feel sick. The water moccasin bites you.
You are more poisoned.
The water moccasin poisons you! The water moccasin closely misses you.
You shoot an arrow. The arrow misses the water moccasin.
You feel very sick. The water moccasin barely misses you.
You shoot an arrow. The arrow hits the water moccasin.
The water moccasin is almost dead.
You feel very sick. The water moccasin bites you.
* * * LOW HITPOINT WARNING * * *
The water moccasin bites you.
* * * LOW HITPOINT WARNING * * *
You shoot an arrow. The arrow hits the water moccasin.
The water moccasin is almost dead.
You feel sick. The water moccasin bites you.
* * * LOW HITPOINT WARNING * * *
You shoot an arrow.
The arrow barely misses the water moccasin.
You feel sick. The water moccasin bites you.
* * * LOW HITPOINT WARNING * * *
You shoot an arrow.
The arrow closely misses the water moccasin.
You feel sick. The water moccasin bites you.
* * * LOW HITPOINT WARNING * * *
The water moccasin bites you.
* * * LOW HITPOINT WARNING * * *
You shoot an arrow.
The arrow barely misses the water moccasin.
* * * LOW HITPOINT WARNING * * *
You feel sick. The water moccasin misses you.
You shoot an arrow.
The arrow closely misses the water moccasin.
You die...

. .. ######+#####...
#........!.....
+..............
#.............. ####
#..##.@S#
#..########..##...####
.....>'.......)........
......#......))........
......#.................
......#...............[.
......#.................
......#.................
......#...............)


You could see a water moccasin.

Vanquished Creatures
  An ice beast (D:5)
  A black bear (D:5)
  A weeping skull (Ossuary)
  An elf zombie (Ossuary)
  A scorpion (D:5)
  A jelly (D:5)
  2 burial acolytes (Ossuary)
  2 bombardier beetles
  2 centaur zombies (Ossuary)
  3 hounds
  Natasha (thrice) (D:2)
  A statue (D:4)
  5 hound zombies (Ossuary)
  2 mummies (Ossuary)
  Robin (D:2)
  3 gnolls (D:6)
  6 adders
  A white imp (D:5)
  2 ribbon worms
  4 dart slugs
  2 orcs
  13 ball pythons
  7 endoplasms
  4 giant cockroaches
  4 gnoll zombies (Ossuary)
  17 goblins
  11 hobgoblins
  6 jackals
  6 quokkas
  7 bats
  5 frilled lizards
  6 kobolds
  4 orc zombies (Ossuary)
  4 rats
139 creatures vanquished.

Notes
Turn   | Place    | Note
-------+----------+-------------------------------------------
     0 | D:1      | Heoruswealwe the Gnoll Hunter began the quest for the Orb.
     0 | D:1      | Reached XP level 1. HP: 20/20 MP: 1/1
    54 | D:1      | Reached XP level 2. HP: 11/26 MP: 2/2
   402 | D:1      | Found Hiryivez's General Store.
   424 | D:1      | Reached XP level 3. HP: 31/31 MP: 3/3
   571 | D:1      | Reached skill level 1 in Invocations
   907 | D:2      | Reached skill level 1 in Short Blades
   907 | D:2      | Reached skill level 1 in Long Blades
   907 | D:2      | Reached skill level 1 in Axes
   907 | D:2      | Reached skill level 1 in Maces & Flails
   907 | D:2      | Reached skill level 1 in Polearms
   907 | D:2      | Reached skill level 1 in Staves
   907 | D:2      | Reached skill level 1 in Throwing
   907 | D:2      | Reached skill level 1 in Armour
   907 | D:2      | Reached skill level 1 in Shields
   907 | D:2      | Reached skill level 1 in Unarmed Combat
   907 | D:2      | Reached skill level 1 in Spellcasting
   907 | D:2      | Reached skill level 1 in Evocations
  1004 | D:2      | Reached skill level 1 in Shapeshifting
  1004 | D:2      | Reached XP level 4. HP: 38/38 MP: 5/5
  1023 | D:2      | Found a hide-covered altar of Uskayaw.
  1036 | D:2      | Noticed Robin
  1068 | D:2      | Killed Robin
  1069 | D:2      | Reached skill level 1 in Conjurations
  1069 | D:2      | Reached skill level 1 in Hexes
  1069 | D:2      | Reached skill level 1 in Summonings
  1069 | D:2      | Reached skill level 1 in Necromancy
  1069 | D:2      | Reached skill level 1 in Translocations
  1069 | D:2      | Reached skill level 1 in Fire Magic
  1069 | D:2      | Reached skill level 1 in Ice Magic
  1069 | D:2      | Reached skill level 1 in Air Magic
  1069 | D:2      | Reached skill level 1 in Earth Magic
  1069 | D:2      | Reached skill level 1 in Alchemy
  1215 | D:2      | You fall into a shaft and drop 2 floors!
  1354 | D:4      | Found a radiant altar of Vehumet.
  1354 | D:4      | Noticed a charred statue
  1432 | D:4      | Found a broken altar of Ashenzari.
  1432 | D:4      | Found a hazy altar of Hepliaklqana.
  1476 | D:4      | Found a sand-covered staircase.
  1481 | Ossuary  | Entered an ossuary
  1481 | Ossuary  | Noticed a weeping skull
  1481 | Ossuary  | Noticed a weeping skull
  1481 | Ossuary  | Noticed a weeping skull
  1540 | Ossuary  | Reached XP level 5. HP: 7/43 MP: 5/7
  1690 | Ossuary  | Noticed a weeping skull
  1715 | Ossuary  | Killed a weeping skull
  1716 | Ossuary  | Reached XP level 6. HP: 23/50 MP: 8/8
  1885 | Ossuary  | Reached skill level 5 in Fighting
  1885 | Ossuary  | Reached skill level 5 in Dodging
  2111 | Ossuary  | Reached XP level 7. HP: 49/56 MP: 10/10
  2336 | D:2      | Noticed Natasha
  2350 | D:2      | Killed Natasha
  2425 | D:2      | Found Degefun's Assorted Antiques.
  2440 | D:2      | Bought a scroll labelled VINYEM VUHAID for 25 gold pieces
  2440 | D:2      | Bought a scroll labelled VINYEM VUHAID for 25 gold pieces
  2440 | D:2      | Bought a scroll labelled SAOKLA DOSUEJO for 25 gold pieces
  2440 | D:2      | Bought a scroll labelled ANTIBB DUENAG for 25 gold pieces
  2651 | D:2      | Noticed Natasha
  2664 | D:2      | Killed Natasha
  3020 | D:2      | Found Degefun's Assorted Antiques.
  3505 | D:2      | Found a hide-covered altar of Uskayaw.
  3638 | D:2      | Noticed Natasha
  3644 | D:2      | Killed Natasha
  3701 | D:2      | Found Degefun's Assorted Antiques.
  4314 | D:2      | Bought a yellow potion for 22 gold pieces
  4561 | D:3      | Reached skill level 9 in Ranged Weapons
  4591 | D:3      | Found a burning altar of Makhleb.
  4591 | D:3      | Noticed a green death
  4596 | D:3      | Noticed a neqoxec
  4596 | D:3      | Noticed a hellwing
  4685 | D:3      | Found a faded altar of an unknown god.
  4696 | D:3      | Got the Treatise on Battling
  4924 | D:4      | Found a shimmering altar of Xom.
  4925 | D:4      | Found a shimmering blue altar of Sif Muna.
  4938 | D:4      | Found a white marble altar of Elyvilon.
  5089 | D:4      | Found a bloodstained altar of Trog.
  5445 | D:4      | Found a staircase to the Ecumenical Temple.
  5471 | Temple   | Entered the Ecumenical Temple
  5486 | Temple   | Became a worshipper of Warmaster Okawaru
  5592 | D:5      | Entered Level 5 of the Dungeon
  5897 | D:5      | Reached XP level 8. HP: 52/63 MP: 12/12
  6473 | D:5      | Found a snail-covered altar of Cheibriados.
  6810 | D:2      | Bought 2 scrolls of identify for 100 gold pieces
  6990 | D:6      | HP: 2/64 [water moccasin (3)]
  6992 | D:6      | Succumbed to a water moccasin's poison

Illustrated notes

Levels and vault maps discovered:
D:1:      dpeg_arrival_rooms_b, layout_basic, serial_shops, shop
D:2:      layout_basic, basic_altar, serial_shops, shop, minivault_24,
          uniq_natasha, uniq_robin
D:3:      layout_loops_ring, makhleb_altar_promises_db,
          ebering_ecumenical_altar_sacrificial
D:4:      layout_basic, chequers_temple_overflow_minitemple, vehumet_statue,
          minmay_temple_entry_glassed_door, enter_ossuary_2,
          minmay_ruined_shrine
D:5:      nicolae_cairo_tiling_large, layout_gridville, slow_altar_1
D:6:      layout_gridville, uniq_sigmund, uniq_menkaure
Temple:   minmay_freezing_vapour_temple

Skill      XL: |  1  2  3  4  5  6  7  8 |
---------------+-------------------------+-----
Invocations    | 1 2 3 |  3.7
Short Blades   | 1 2 3 |  3.3
Long Blades    | 1 2 3 |  3.3
Axes           | 1 2 3 |  3.3
Maces & Flails | 1 2 3 |  3.3
Polearms       | 1 2 3 |  3.3
Staves         | 1 2 3 |  3.3
Throwing       | 1 2 3 |  3.3
Armour         | 1 2 3 |  3.3
Shields        | 1 2 3 |  3.3
Unarmed Combat | 1 2 3 |  3.3
Spellcasting   | 1 2 3 |  3.3
Evocations     | 1 2 3 |  3.3
Shapeshifting  | 1 2 3 |  3.0
Conjurations   | 1 2 |  2.7
Hexes          | 1 2 |  2.7
Summonings     | 1 2 |  2.7
Necromancy     | 1 2 |  2.7
Translocations | 1 2 |  2.7
Fire Magic     | 1 2 |  2.7
Ice Magic      | 1 2 |  2.7
Air Magic      | 1 2 |  2.7
Earth Magic    | 1 2 |  2.7
Alchemy        | 1 2 |  2.7
Stealth        | 3 4 |  4.1
Fighting       | 5 |  5.7
Dodging        | 5 |  5.7
Ranged Weapons | 9 |  9.2

Action                     |  1- 3 |  4- 6 |  7- 9 || total
---------------------------+-------+-------+-------++-------
   Fire: Shortbow          |   103 |   211 |   284 ||   598
    Use: Scroll            |       |       |    10 ||    10
 Armour: Leather armour    |    33 |    84 |    86 ||   203
  Dodge: Dodged            |    41 |    93 |   122 ||   256
